 Dungeon Crawl Stone Soup version 0.27.0-1-g7a089689b8 (webtiles) character file.

Game seed: 7043036540168326397

108990 flt the Stormcaller (level 16, -12/100 HPs)
             Began as a Tengu Air Elementalist on Aug 6, 2021.
             Was a High Priest of Vehumet.
             Mangled by a white ugly thing (32 damage)
             ... on level 14 of the Dungeon on Aug 7, 2021.
             The game lasted 02:21:22 (45028 turns).

flt the Stormcaller (Tengu Air Elementalist)       Turns: 45028, Time: 02:21:22

Health: -12/100    AC: 10    Str: 18    XL:     16   Next: 51%
Magic:  29/34      EV: 21    Int: 27    God:    Vehumet [*****.]
Gold:   981        SH: 10    Dex: 14    Spells: 1/41 levels left

rFire    + + +     SeeInvis +   O - staff of air
rCold    . . .     Faith    .   e - +0 buckler
rNeg     . . .     Spirit   .   w - +1 robe "Rusapo" {Harm rElec rF+ Str+4}
rPois    +         Reflect  +   n - +2 hat {Stlth+}
rElec    +         Harm     +   S - +0 cloak
rCorr    .         Rampage  .   H - +2 pair of gloves of Elutino {+Inv rF+}
Will     +....                  (boots unavailable)
Stlth    +++.......             y - amulet of Pessimism {Reflect rPois rF+ Str+3 SH+5}
HPRegen  0.26/turn              G - +6 ring of intelligence
MPRegen  0.24/turn              r - ring of see invisible

@: swift, flying quickly and evasively, very quick
A: beak, talons 3, nimble flight
a: Renounce Religion, Evoke Invisibility


You were on level 14 of the Dungeon.
You worshipped Vehumet.
Vehumet was extremely pleased with you.
You visited 4 branches of the dungeon, and saw 24 of its levels.
You also visited: Bailey, Ice Cave and Volcano.

You collected 2763 gold pieces.
You spent 1782 gold pieces at shops.

Inventory:

Hand Weapons
 D - a +3 falchion of holy wrath
 P - the +8 war axe of Vogh {chaos, rN+ Will+}
   (You found it on level 6 of the Lair of Beasts)

   Each time it hits an enemy it has a different, random effect.
   rN:        It protects you from negative energy.
   Will:      It increases your willpower.
Missiles
 b - 9 curare-tipped darts
 d - 185 sling bullets
 f - 87 poisoned darts (quivered)
 l - 548 stones
 m - 17 javelins
 p - 107 boomerangs
 A - 2 throwing nets
 E - 5 silver boomerangs
Armour
 e - a +0 buckler (worn)
 n - a +2 hat of stealth (worn)
 q - a +3 leather armour of resistance
 s - a +3 leather armour of poison resistance
 w - the +1 robe "Rusapo" (worn) {Harm rElec rF+ Str+4}
   (You bought it in a shop on level 2 of the Orcish Mines)

   Str:       It affects your strength (+4).
   rF:        It protects you from fire.
   rElec:     It insulates you from electricity.
   Harm:      It increases damage dealt and taken.
 H - the +2 pair of gloves of Elutino (worn) {+Inv rF+}
   (You found it in an ice cave)

   rF:        It protects you from fire.
   +Inv:      It lets you turn invisible.
 S - a +0 cloak (worn)
Magical Staves
 O - a staff of air (weapon)
Jewellery
 j - a ring of resist corrosion
 r - a ring of see invisible (right hand)
 t - a ring of protection from cold
 y - the amulet of Pessimism (around neck) {Reflect rPois rF+ Str+3 SH+5}
   (You acquired it on level 5 of the Dungeon)

   [amulet of reflection]

   It reflects blocked missile attacks.
   Str:       It affects your strength (+3).
   rF:        It protects you from fire.
   rPois:     It protects you from poison.
   SH:        It affects your SH (+5).
 G - a +6 ring of intelligence (left hand)
 J - a ring of protection from cold
 Q - a ring of willpower
Wands
 k - a wand of digging (8)
 L - a wand of paralysis (13)
 N - a wand of acid (27)
 T - a wand of charming (19)
 U - a wand of mindburst (24)
Scrolls
 h - 14 scrolls of teleportation
 v - 3 scrolls of torment
 x - 3 scrolls of enchant armour
 I - 2 scrolls of identify
 W - 2 scrolls of holy word
 X - a scroll of immolation
 Y - 4 scrolls of fog
 Z - a scroll of vulnerability
Potions
 a - 4 potions of resistance
 c - 7 potions of might
 i - 5 potions of lignification
 o - 4 potions of haste
 u - 5 potions of curing
 z - 3 potions of magic
 B - 3 potions of cancellation
 C - 5 potions of brilliance
 F - 5 potions of invisibility
 K - 2 potions of attraction
 M - 2 potions of mutation
 R - 4 potions of heal wounds
Miscellaneous
 V - a condenser vane


   Skills:
 + Level 11.0 Fighting
 - Level 6.0 Armour
 + Level 12.0 Dodging
 - Level 3.0 Stealth
 - Level 4.0 Shields
 - Level 13.0 Spellcasting
 * Level 12.0 Conjurations
 - Level 7.0 Fire Magic
 * Level 16.0 Air Magic
 - Level 8.0 Poison Magic
 - Level 6.0 Evocations


You had one spell level left.
You knew the following spells:

 Your Spells              Type           Power      Damage    Failure   Level
a - Shock                 Conj/Air       100%       1d9       0%          1
b - Static Discharge      Conj/Air       96%        N/A       0%          2
c - Conjure Ball Lightni  Conj/Air       48%        3x3d17    1%          6
d - Dazzling Flash        Conj/Hex       100%       N/A       1%          3
f - Sticky Flame          Conj/Fire      62%        2d8       1%          4
m - Mephitic Cloud        Conj/Pois/Air  89%        N/A       1%          3
o - Orb of Destruction    Conj           35%        9d13      5%          7
p - Poisonous Vapours     Pois/Air       100%       N/A       1%          2
r - Olgreb's Toxic Radia  Pois           57%        N/A       1%          4
s - Airstrike             Air            51%        N/A       1%          4
A - Apportation           Tloc           34%        N/A       3%          1
S - Swiftness             Air            100%       N/A       0%          3

Your spell library contained the following spells:

 Spells                   Type           Power      Damage    Failure   Level
 Freezing Cloud           Conj/Ice/Air   40%        6-21      1%          5
 Magic Dart               Conj           100%       1d8       0%          1
 Beastly Appendage        Tmut           34%        N/A       3%          1
 Corona                   Hex            18%        N/A       3%          1
 Corpse Rot               Necr/Air       N/A        N/A       1%          2
 Searing Ray              Conj           100%       3d7       1%          2
 Conjure Flame            Conj/Fire      62%        6-21      1%          3
 Spider Form              Tmut/Pois      19%        N/A       1%          3
 Stone Arrow              Conj/Erth      100%       3d13      1%          3
 Fulminant Prism          Conj/Hex       25%        3d14      1%          4
 Iskenderun's Mystic Bla  Conj/Tloc      50%        2d11      1%          4
 Bolt of Magma            Conj/Fire/Erth 25%        4d12      1%          5
 Frozen Ramparts          Ice            34%        1d5       2%          3
 Irradiate                Conj/Tmut      25%        3d22      2%          5
 Starburst                Conj/Fire      31%        8x6d9     2%          6
 Ensorcelled Hibernation  Hex/Ice        34%        N/A       4%          2
 Sublimation of Blood     Necr           8%         N/A       4%          2
 Wereblood                Tmut           17%        N/A       4%          2
 Gell's Gravitas          Tloc           8%         N/A       10%         3
 Lesser Beckoning         Tloc           8%         N/A       10%         3
 Teleport Other           Tloc           17%        N/A       10%         3
 Tukima's Dance           Hex            17%        N/A       10%         3
 Iron Shot                Conj/Erth      25%        9d5       11%         6
 Alistair's Intoxication  Tmut/Pois      26%        N/A       17%         5
 Animate Armour           Summ/Erth      34%        N/A       30%         4
 Cause Fear               Hex            8%         N/A       30%         4
 Dispel Undead            Necr           17%        3d10      30%         4
 Ice Form                 Ice/Tmut       17%        N/A       30%         4
 Petrify                  Tmut/Erth      17%        N/A       30%         4
 Summon Ice Beast         Ice/Summ       17%        N/A       30%         4
 Blade Hands              Tmut           8%         N/A       65%         5
 Chain Lightning          Conj/Air       48%        3d64      91%         9
 Lehudib's Crystal Spear  Conj/Erth      25%        10d7      98%         8
 Death Channel            Necr           8%         N/A       99%         6
 Dispersal                Tloc           8%         N/A       99%         6
 Invisibility             Hex            8%         N/A       99%         6
 Dragon Form              Tmut           8%         N/A       100%        7
 Disjunction              Tloc           8%         N/A       100%        8
 Dragon's Call            Summ           8%         N/A       100%        9
 Fire Storm               Conj/Fire      31%        8d8       100%        9


Dungeon Overview and Level Annotations

Branches:
Dungeon (15/15)            Temple (1/1) D:5            Lair (6/6) D:8
  Swamp (0/4) Lair:3        Snake (0/4) Lair:4        Slime (0/5) Lair:5
    Orc (2/2) D:11            Elf (0/3) Orc:2        Vaults (0/5) D:14
 Bailey (visited)           IceCv (visited)         Volcano (visited)
 Depths: D:15

Altars:
Ashenzari
Cheibriados
Dithmenos
Elyvilon
Fedhas
Gozag
Hepliaklqana
Kikubaaqudgha
Makhleb
Nemelex Xobeh
Okawaru
Qazlal
Ru
Sif Muna
Trog
Uskayaw
Vehumet
Wu Jian
Xom
Yredelemnul
Zin
The Shining One
Beogh

Shops:
Orc:1 !   Orc:2 :[(*

Annotations:
D:12 1 runed translucent door, fram's ghost, journeyman FoFi


Innate Abilities, Weirdness & Mutations

You have a beak for a mouth.
You have claws for feet.
Your magical nature lets you fly swiftly and evasively.


Message History

Your ball lightning explodes!
Your ball lightning explodes!
The blast of lightning engulfs you. You resist.
You start resting.
Magic restored.
You start resting.
HP restored.
There is a shaft here.
There is a shaft here.
There is a shaft here.
There is a stone staircase leading down here.
You fly downwards.
The white ugly thing misses you.
There is a stone staircase leading up here.
The white ugly thing kicks you but does no damage. x2
The white ugly thing completely misses you.
You fly upwards.
There is a stone staircase leading down here.
Casting: Conjure Ball Lightning (mildly dangerous; 1% risk of failure)
Confirm with . or Enter, or press ? or * to list all spells.
You begin to radiate toxic energy.
The white ugly thing is poisoned. x3
The white ugly thing looks even sicker. x2
The white ugly thing kicks you but does no damage.
The white ugly thing kicks you. The white ugly thing freezes you!!
The white ugly thing misses you.
The white ugly thing looks even sicker. x3
The white ugly thing closely misses you.
The white ugly thing barely misses you.
Your toxic aura wanes.
The white ugly thing kicks you. The white ugly thing freezes you!!
* * * LOW HITPOINT WARNING * * *
As you read the scroll of fear, it crumbles to dust.
You assume a fearsome visage.
The white ugly thing looks frightened! x2
The white ugly thing resists with some effort.
You block the white ugly thing's attack.
Casting: Olgreb's Toxic Radiance (safe; 1% risk of failure)
Confirm with . or Enter, or press ? or * to list all spells.
You feel a surge of power!
You feel quick. The white ugly thing kicks you.
* * * LOW HITPOINT WARNING * * *
The white ugly thing freezes you!!
You die...

.#########..########..........^^.
.#########..# #.........#.≈^
............########.........#^≈.
.............................#≈#≈
.........................###.≈^..
.#####..#######..######..##......
.#####.u#######..######.....≈^^..
..........>..................###.
...............u@...........^###.
########...........#######..≈.##.
########...........#######...^...
.................................
#################################


You could see a white ugly thing (very poisoned).

Vanquished Creatures
  Gastronok (Lair:1)
  2 orc warlords (Orc:2)
  3 reapers (IceCv)
  A very ugly thing (IceCv)
  Josephine (Orc:1)
  2 fire dragons
  3 hydras
  Erolcha (D:11)
  A centaur warrior (D:13)
  A two-headed ogre (D:13)
  3 catoblepae
  A death knight (D:13)
  2 dancing weapons (D:14)
  17 death yaks
  3 orc high priests (Orc:2)
  4 tengu warriors
  Urug (Lair:4)
  2 bog bodies (Lair:3)
  A swamp dragon (Lair:6)
  An obsidian statue (IceCv)
  A wizard (D:15)
  4 lindwurms (Volcano)
  5 orc knights
  A phantasmal warrior (D:13)
  3 deep elf pyromancers
  4 cyclopes
  7 orc sorcerers
  2 oklob plants (Lair:2)
  A wolf spider (Lair:6)
  2 manticores (D:12)
  14 ugly things
  A guardian serpent (Lair:6)
  6 black mambas
  3 elephants (Lair:4)
  2 ice statues (D:14)
  22 cane toads
  A gargoyle (D:13)
  3 kobold demonologists (D:10)
  10 komodo dragons
  3 entropy weaver simulacra (IceCv)
  4 rime drakes
  9 freezing wraiths
  3 anaconda simulacra (IceCv)
  A tengu conjurer (D:13)
  A yaktaur (D:10)
  4 ice devils (IceCv)
  A golden dragon simulacrum (IceCv)
  6 trolls
  Prince Ribbit (D:6)
  2 polar bears (Lair:4)
  A meliai (shapeshifter) (D:13)
  4 hornets
  A snapping turtle (shapeshifter) (D:14)
  5 blink frogs (Lair:5)
  A meliai zombie (D:9)
  24 slime creatures
  A redback (Lair:6)
  5 shadows
  A dire elephant simulacrum (IceCv)
  2 vampires
  11 wraiths
  15 wyverns
  23 yaks
  4 basilisks
  Eustachio (D:4)
  2 minotaur simulacra (IceCv)
  11 steam dragons
  5 vampire mosquitoes
  Menkaure (D:4)
  Edmund (D:5)
  4 acid dragons
  22 water moccasins
  6 wargs
  A swamp worm (Lair:3)
  3 hell hounds (Volcano)
  2 ice beasts
  39 orc warriors
  2 sky beasts (D:5)
  An ettin simulacrum (IceCv)
  10 ogres
  5 boggarts
  An alligator simulacrum (IceCv)
  9 centaurs
  23 wolves
  A phantom (D:7)
  3 kobold brigands
  9 bullfrogs
  A gnoll sergeant (D:9)
  A wyvern zombie (D:8)
  4 deep troll simulacra (IceCv)
  2 scorpions (D:6)
  A water moccasin skeleton (D:5)
  A troll zombie (D:11)
  A howler monkey (D:9)
  5 electric eels
  4 centaur zombies
  3 hounds
  13 orc priests
  A jelly (D:3)
  2 bullfrog skeletons
  A centaur skeleton (D:7)
  5 iguanas
  25 orc wizards
  A killer bee zombie (D:8)
  5 ogre zombies (D:11)
  A mummy (D:12)
  8 adders
  8 gnolls
  A howler monkey skeleton (D:6)
  A shadow imp (D:7)
  3 white imps
  2 ufetubi (D:4)
  2 adder skeletons
  6 worms
  2 dart slugs
  76 orcs
  3 ball pythons
  13 endoplasms
  5 giant cockroaches
  14 goblins
  3 hobgoblins
  4 jackals
  4 quokkas
  5 bats
  2 frilled lizards
  A goblin skeleton (D:11)
  A goblin zombie (D:11)
  2 hobgoblin skeletons (D:11)
  4 hobgoblin zombies (D:11)
  31 kobolds
  2 orc skeletons (D:11)
  9 orc zombies (D:11)
  9 rats
736 creatures vanquished.

Vanquished Creatures (collateral kills)
  10 ball lightnings
10 creatures vanquished.

Vanquished Creatures (others)
  121 ball lightnings
  61 fungi
  86 plants
268 creatures vanquished.

Grand Total: 1014 creatures vanquished

Notes
Turn   | Place    | Note
-------+----------+-------------------------------------------
     0 | D:1      | flt the Tengu Air Elementalist began the quest for the Orb.
     0 | D:1      | Reached XP level 1. HP: 10/10 MP: 4/4
   276 | D:1      | Reached XP level 2. HP: 15/15 MP: 1/6
   326 | D:1      | Learned a level 2 spell: Static Discharge
   897 | D:1      | Found a faded altar of an unknown god.
  1181 | D:2      | Reached XP level 3. HP: 20/20 MP: 1/7
  2118 | D:2      | Reached skill level 1 in Fighting
  2118 | D:2      | Reached XP level 4. HP: 25/25 MP: 4/8
  2156 | D:2      | Learned a level 4 spell: Airstrike
  2241 | D:2      | Reached skill level 5 in Air Magic
  2791 | D:3      | Gained mutation: Your magical nature lets you fly swiftly
                  | and evasively. [Tengu growth]
  2791 | D:3      | Reached XP level 5. HP: 29/29 MP: 10/10
  3369 | D:3      | Found a basalt altar of Yredelemnul.
  3745 | D:4      | You are sucked into a shaft and drop 3 floors!
  3761 | D:7      | Noticed a phantom
  3935 | D:5      | Entered Level 5 of the Dungeon
  4032 | D:4      | Noticed Menkaure
  4038 | D:4      | Killed Menkaure
  4039 | D:4      | Reached XP level 6. HP: 17/35 MP: 1/12
  4341 | D:4      | Learned a level 3 spell: Swiftness
  5022 | D:4      | Reached skill level 6 in Air Magic
  5194 | D:4      | Noticed Eustachio
  5870 | D:4      | Killed Eustachio
  5871 | D:4      | Reached XP level 7. HP: 28/40 MP: 0/13
  6364 | D:5      | Found a staircase to the Ecumenical Temple.
  6394 | Temple   | Entered the Ecumenical Temple
  6596 | Temple   | Became a worshipper of Vehumet
  6955 | D:5      | Reached skill level 1 in Armour
  7205 | D:5      | Reached skill level 7 in Air Magic
  7301 | D:5      | Reached XP level 8. HP: 27/45 MP: 5/15
  7519 | D:5      | Learned a level 3 spell: Dazzling Flash
  7689 | D:5      | Noticed Edmund
  7699 | D:5      | Killed Edmund
  8060 | D:5      | Identified a scroll of acquirement
  8060 | D:5      | Acquired the amulet of Pessimism {Reflect rPois rF+ Str+3
                  | SH+5}
  8556 | D:6      | Reached skill level 5 in Spellcasting
  8919 | D:6      | Reached skill level 8 in Air Magic
  9029 | D:6      | Reached * piety under Vehumet
  9029 | D:6      | Offered knowledge of Sandblast by Vehumet.
  9030 | D:6      | Reached skill level 5 in Conjurations
  9284 | D:7      | Reached XP level 9. HP: 49/51 MP: 11/17
  9418 | D:7      | Noticed Prince Ribbit
  9426 | D:6      | Killed Prince Ribbit
  9968 | D:7      | Reached skill level 5 in Armour
  9968 | D:7      | Reached skill level 9 in Air Magic
 10717 | D:8      | Reached skill level 1 in Fire Magic
 10829 | D:8      | Found a flagged portal.
 10837 | D:8      | Offered knowledge of Magic Dart by Vehumet.
 10894 | Bailey   | Entered a bailey
 11252 | Bailey   | Reached ** piety under Vehumet
 11560 | Bailey   | Reached XP level 10. HP: 58/58 MP: 9/20
 11862 | Bailey   | Learned a level 4 spell: Sticky Flame
 12160 | D:8      | Reached skill level 10 in Air Magic
 12389 | D:8      | Found a staircase to the Lair.
 12669 | D:9      | Offered knowledge of Poisonous Vapours by Vehumet.
 12673 | D:9      | Learned a level 2 spell: Poisonous Vapours
 13091 | D:9      | Reached skill level 5 in Dodging
 13099 | D:9      | Reached skill level 5 in Fighting
 13232 | D:9      | Reached *** piety under Vehumet
 13652 | D:10     | Entered Level 10 of the Dungeon
 13954 | D:10     | Offered knowledge of Mephitic Cloud by Vehumet.
 14023 | D:10     | Learned a level 3 spell: Mephitic Cloud
 14306 | D:10     | Noticed a kobold demonologist
 14308 | D:10     | Noticed a kobold demonologist
 14310 | D:10     | Killed a kobold demonologist
 14310 | D:10     | Noticed a kobold demonologist
 14615 | D:10     | Killed a kobold demonologist
 14645 | D:10     | Killed a kobold demonologist
 14871 | D:10     | Reached XP level 11. HP: 64/64 MP: 8/23
 15412 | D:10     | Found a shimmering blue altar of Sif Muna.
 15413 | D:10     | Found a glowing silver altar of Zin.
 15418 | D:10     | Found a sacrificial altar of Ru.
 15420 | D:10     | Found an iron altar of Okawaru.
 15420 | D:10     | Found a hazy altar of Hepliaklqana.
 15420 | D:10     | Found a stormy altar of Qazlal.
 15422 | D:10     | Found a snail-covered altar of Cheibriados.
 15425 | D:10     | Found a bloodstained altar of Trog.
 15515 | D:11     | Reached skill level 5 in Fire Magic
 15956 | D:11     | Noticed Erolcha
 15961 | D:11     | Killed Erolcha
 15962 | D:11     | Reached skill level 11 in Air Magic
 16164 | Lair:1   | Entered Level 1 of the Lair of Beasts
 16707 | Lair:1   | Reached skill level 1 in Evocations
 16862 | Lair:1   | Found a snail-covered altar of Cheibriados.
 16963 | Lair:1   | Noticed Gastronok
 17071 | Lair:1   | Killed Gastronok
 17933 | Lair:2   | Noticed an oklob plant
 17933 | Lair:2   | Noticed an oklob plant
 17938 | Lair:2   | Killed an oklob plant
 17939 | Lair:2   | Reached XP level 12. HP: 71/71 MP: 9/25
 18029 | Lair:2   | Reached skill level 1 in Poison Magic
 19054 | Lair:3   | Reached **** piety under Vehumet
 19057 | Lair:3   | Offered knowledge of Olgreb's Toxic Radiance by Vehumet.
 19063 | Lair:3   | Learned a level 4 spell: Olgreb's Toxic Radiance
 19332 | Lair:3   | Noticed a death yak
 19342 | Lair:3   | Killed a death yak
 19430 | Lair:3   | Noticed a death yak
 19436 | Lair:3   | Noticed a death yak
 19437 | Lair:3   | Noticed a death yak
 19443 | Lair:3   | Killed a death yak
 19474 | Lair:3   | Killed a death yak
 19478 | Lair:3   | Killed a death yak
 19850 | Lair:3   | Noticed a six-headed hydra
 19854 | Lair:3   | Killed a six-headed hydra
 19855 | Lair:3   | Reached skill level 12 in Air Magic
 20462 | Lair:3   | Reached skill level 5 in Poison Magic
 20508 | Lair:3   | Found a staircase to the Swamp.
 20586 | Lair:4   | Found a staircase to the Snake Pit.
 20942 | Lair:4   | Reached XP level 13. HP: 76/76 MP: 13/27
 21076 | Lair:4   | Noticed Urug
 21406 | Lair:4   | Reached skill level 10 in Conjurations
 21824 | Lair:4   | Killed Urug
 22623 | Lair:5   | Found a dark tunnel.
 22631 | Volcano  | Entered a volcano
 23429 | Volcano  | Reached ***** piety under Vehumet
 23481 | Volcano  | Noticed a fire dragon
 23488 | Volcano  | Killed a fire dragon
 24064 | Lair:5   | Offered knowledge of Conjure Ball Lightning by Vehumet.
 24367 | Lair:5   | Reached skill level 13 in Air Magic
 24981 | Lair:5   | Reached skill level 10 in Spellcasting
 25033 | Lair:5   | Reached XP level 14. HP: 67/84 MP: 7/29
 25044 | Lair:5   | Learned a level 6 spell: Conjure Ball Lightning
 25438 | Lair:5   | Found a staircase to the Slime Pits.
 25512 | Lair:5   | Learned a level 1 spell: Apportation
 25788 | Lair:6   | Entered Level 6 of the Lair of Beasts
 26824 | Lair:6   | Reached skill level 5 in Evocations
 27675 | Lair:6   | Reached skill level 10 in Dodging
 27763 | Lair:6   | Identified the +8 war axe of Vogh {chaos, rN+ Will+}
 28258 | Lair:6   | Reached skill level 14 in Air Magic
 28395 | Lair:6   | Got Ruthoch's Papyrus of Scorching Envenoming
 31104 | D:11     | Offered knowledge of Eringya's Noxious Bog by Vehumet.
 31338 | D:11     | Found a staircase to the Orcish Mines.
 31812 | D:11     | Found a hazy altar of Hepliaklqana.
 32624 | D:12     | Noticed fram's ghost (journeyman FoFi)
 32626 | D:12     | Found a runed translucent door.
 32749 | D:12     | Found a snail-covered altar of Cheibriados.
 32860 | D:12     | Reached XP level 15. HP: 75/92 MP: 22/31
 33776 | Orc:1    | Entered Level 1 of the Orcish Mines
 33923 | Orc:1    | Noticed Josephine
 33937 | Orc:1    | Killed Josephine
 33938 | Orc:1    | Reached skill level 10 in Fighting
 34350 | Orc:1    | Reached skill level 15 in Air Magic
 35244 | Orc:1    | Found Tuigoc's Distillery.
 35253 | Orc:1    | Bought a potion of curing for 45 gold pieces
 35253 | Orc:1    | Bought a potion of invisibility for 120 gold pieces
 35253 | Orc:1    | Bought a potion of magic for 120 gold pieces
 35253 | Orc:1    | Bought a potion of magic for 120 gold pieces
 35340 | Orc:2    | Entered Level 2 of the Orcish Mines
 35362 | Orc:2    | Offered knowledge of Ozocubu's Refrigeration by Vehumet.
 36128 | Orc:2    | Noticed an orc warlord
 36149 | Orc:2    | Killed an orc warlord
 36637 | Orc:2    | Found Giaps's Antique Weapon Shoppe.
 36646 | Orc:2    | Paralysed by an orc sorcerer for 3 turns
 36649 | Orc:2    | Noticed an orc warlord
 36663 | Orc:2    | Killed an orc warlord
 36993 | Orc:2    | Found Kutt's General Store.
 37001 | Orc:2    | Bought a potion of magic for 96 gold pieces
 37037 | Orc:2    | Found Deogoebu's Book Shoppe.
 37373 | Orc:2    | Found Jeun's Antique Armour Boutique.
 37381 | Orc:2    | Bought a crude robe for 148 gold pieces
 37381 | Orc:2    | Identified the +0 robe of Duch {Str+7 Stlth+} (You bought
                  | it in a shop on level 2 of the Orcish Mines)
 37384 | Orc:2    | Found a staircase to the Elven Halls.
 37699 | Orc:2    | Bought the +1 robe "Rusapo" {Harm rElec rF+ Str+4} for 421
                  | gold pieces
 37699 | Orc:2    | Bought a scroll of teleportation for 36 gold pieces
 37699 | Orc:2    | Bought a scroll of teleportation for 36 gold pieces
 37776 | Orc:2    | Bought a book of Annihilations for 640 gold pieces
 38005 | D:13     | Offered knowledge of Orb of Destruction by Vehumet.
 39860 | D:14     | Found a frozen archway.
 39953 | IceCv    | Entered an ice cave
 40192 | IceCv    | Reached XP level 16. HP: 57/99 MP: 18/33
 41406 | IceCv    | Identified the +2 pair of gloves of Elutino {+Inv rF+}
 42616 | IceCv    | Reached skill level 16 in Air Magic
 43403 | D:14     | Learned a level 7 spell: Orb of Destruction
 43848 | D:14     | Found a stormy altar of Qazlal.
 43977 | D:14     | Found a gate to the Vaults.
 44157 | D:14     | Reached skill level 1 in Shields
 44454 | D:15     | Entered Level 15 of the Dungeon
 44456 | D:15     | Offered knowledge of Freezing Cloud by Vehumet.
 45028 | D:14     | Mangled by a white ugly thing

Illustrated notes

Levels and vault maps discovered:
D:1:      dpeg_arrival_houses_and_road, layout_loops_ring,
          hellmonk_ecumenical_altar_crossroads, lemuel_flame_loot_1
D:2:      layout_loops_ring
D:3:      layout_loops_ring, old_standard_altar, minmay_surrounded
D:4:      minmay_angry_zag, layout_loops_corners, kennysheep_path_1,
          uniq_menkaure, uniq_eustachio
D:5:      layout_cave_pools, minmay_temple_entry_large_hall, uniq_edmund
D:6:      layout_loops_ring
D:7:      layout_cave_pods, uniq_prince_ribbit1
D:8:      layout_rooms, erik_lair_orcish_takeover, enter_bailey_3,
          grunt_ministairs_1
D:9:      layout_basic
D:10:     kennysheep_big_flooded_room, layout_long_grid, minitemple
D:11:     layout_loops_ring, zombieorc1_lemuel,
          nicolae_hepliaklqana_hazy_memory, uniq_erolcha
D:12:     layout_roguey, hellmonk_ghost_happy_afterlife, slow_altar_1
D:13:     layout_loops_ring
D:14:     layout_long_grid, erik_vaults_1, portal_ice_cave_entry_ice_statue_two,
          grunt_qazlal_sundering
D:15:     hangedman_slaughterboxes
Temple:   nicolae_temple_figure_eight
Lair:1:   layout_concentric_octagons, basic_altar, serial_bayou_shore_b,
          uniq_gastronok
Lair:2:   layout_gridlike, grunt_megastairs_1, serial_bayou_shore_a,
          minmay_lair_oklob_chamber
Lair:3:   layout_chaotic_city, nicolae_swamp_entry_splash_gauntlet
Lair:4:   layout_cave_pods, dummy_snake_entry, uniq_urug
Lair:5:   layout_hall_layers, slime_dummy, lightli_volcano_entry_magma_tube
Lair:6:   guppyfry_lair_end_dragon, layout_hall_layers,
          hangedman_lair_tendril_chambers, disabler_island
Orc:1:    nicolae_orc_accident_1, layout_caves, serial_shops,
          nicolae_shop_competitors_out_of_business, mines4_lemuel,
          uniq_josephine
Orc:2:    grunt_orc_gardens, layout_caves, grunt_orc_garden, grunt_orc_garden,
          grunt_orc_garden, grunt_orc_garden, minmay_orc_temple_a

Skill      XL: |  1  2  3  4  5  6  7  8  9 10 11 12 13 14 15 16 |
---------------+-------------------------------------------------+-----
Conjurations   | 2 3 4 5 6 7 8 9 11 12 | 12.0
Fighting       | 1 2 3 4 5 6 7 8 9 10 11 | 11.0
Air Magic      | 5 6 7 8 9 10 11 12 13 14 15 16 | 16.0
Spellcasting   | 3 4 5 6 7 8 9 10 11 12 13 | 13.0
Dodging        | 3 4 5 6 8 10 11 12 | 12.0
Stealth        | 3 |  3.0
Armour         | 2 4 5 6 |  6.0
Fire Magic     | 1 4 6 7 |  7.0
Evocations     | 3 4 6 |  6.0
Poison Magic   | 5 8 |  8.0
Shields        | 4 |  4.0

Action                   |  1- 3 |  4- 6 |  7- 9 | 10-12 | 13-15 | 16-18 || total
-------------------------+-------+-------+-------+-------+-------+-------++-------
Melee: Unarmed           |     3 |       |       |       |       |       ||     3
       Kick              |     5 |     5 |    12 |     8 |     3 |       ||    33
       Dagger            |    14 |    37 |     5 |       |       |       ||    56
       Peck              |     1 |     1 |     7 |     1 |     2 |       ||    12
       Flail             |       |       |    54 |     7 |       |       ||    61
       Staff             |       |       |       |     8 |    19 |       ||    27
Throw: Dart              |       |       |     2 |       |       |       ||     2
 Cast: Shock             |    61 |   101 |   168 |   155 |    26 |       ||   511
       Static Discharge  |     6 |    20 |    44 |    32 |    51 |     2 ||   155
       Swiftness         |       |     1 |     2 |       |     1 |     1 ||     5
       Airstrike         |       |       |    24 |   171 |   445 |    90 ||   730
       Poisonous Vapours |       |       |       |    31 |    51 |     2 ||    84
       Mephitic Cloud    |       |       |       |     5 |    15 |       ||    20
       Dazzling Flash    |       |       |       |     1 |       |       ||     1
       Sticky Flame      |       |       |       |     1 |     1 |     2 ||     4
       Olgreb's Toxic Ra |       |       |       |    15 |   128 |     9 ||   152
       Conjure Ball Ligh |       |       |       |       |    31 |    23 ||    54
       Orb of Destructio |       |       |       |       |       |     1 ||     1
Evoke: Wand              |       |       |       |       |     3 |       ||     3
  Use: Scroll            |       |     5 |     9 |     9 |     8 |     1 ||    32
       Potion            |       |     3 |     2 |       |     3 |     1 ||     9
 Stab: Sleeping          |     6 |     5 |     2 |       |     1 |       ||    14
       Confused          |       |       |       |     1 |       |       ||     1
Armor: Robe              |     2 |     7 |       |       |     6 |     7 ||    22
       Leather armour    |       |       |    38 |    12 |    24 |       ||    74
Dodge: Dodged            |     7 |    74 |   112 |    44 |   115 |    19 ||   371
Block: Other             |       |       |    24 |    12 |    27 |     4 ||    67
       Reflection        |       |       |     6 |     1 |     1 |       ||     8
       Buckler           |       |       |       |       |       |     3 ||     3
